 Dungeon Sprint DCSS version 0.16.1-28-gcc2312f (webtiles) character file.

855 Kidiri the Eclecticist (level 7, -11/36 HPs)
             Began as a Deep Elf Summoner on May 29, 2015.
             Was the Champion of Sif Muna.
             Mangled by a deep troll (14 damage)
             ... in the Dungeon (Sprint I: "Red Sonja").
             The game lasted 00:10:56 (1415 turns).

Kidiri the Eclecticist (Deep Elf Summoner)          Turns: 1415, Time: 00:10:56

Health: -11/36     AC:  2    Str:  5    XL:     7   Next: 70%
Magic:  27/31      EV: 13    Int: 22    God:    Sif Muna [******]
Gold:   683        SH:  0    Dex: 15    Spells: 6 memorised, 18 levels left

rFire  . . .     SeeInvis .     (no weapon)
rCold  . . .     Clarity  .     a - +0 robe
rNeg   . . .     SustAb   .     (no shield)
rPois  .         Gourm    .     (no helmet)
rElec  .         Spirit   .     (no cloak)
rCorr  .         Warding  .     (no gloves)
rMut   .         NoTele   +     (no boots)
MR     .....                    (no amulet)
Stlth  ++........               (no ring)
                                (no ring)

@: not resistant to hostile enchantments, unstealthy
A: no striking features
a: Channel Energy, Forget Spell, Renounce Religion


You were in the Dungeon.
You worshipped Sif Muna.
Sif Muna was exalted by your worship.
You were not hungry.

You visited 1 branch You collected 683 gold pieces.

Inventory:

Armour
 a - a +0 robe (worn)
Magical devices
 j - a wand of polymorph (4)
Potions
 d - a potion of flight {unknown}
 e - a potion of heal wounds
 f - a potion of haste
 h - a potion of berserk rage
 l - a potion of cancellation {unknown}
Books
 b - a book of Callings

   Spells                             Type                      Level
   a - Summon Small Mammal            Summoning                    1
   b - Call Imp                       Summoning                    2
   c - Call Canine Familiar           Summoning                    3
   d - Summon Guardian Golem          Hexes/Summoning              4
   e - Summon Lightning Spire         Summoning/Air                4
   f - Summon Ice Beast               Ice/Summoning                4
Comestibles
 c - a bread ration


   Skills:
 - Level 2.4 Dodging
 - Level 2.4 Stealth
 * Level 15.0 Spellcasting
 * Level 13.3 Summonings


You had 18 spell levels left.
You knew the following spells:

 Your Spells              Type           Power        Failure   Level  Hunger
a - Summon Small Mammal   Summ           ####         0%          1    None
b - Call Imp              Summ           ######..     1%          2    None
c - Call Canine Familiar  Summ           ######..     1%          3    None
d - Summon Guardian Gole  Hex/Summ       #####...     2%          4    None
e - Summon Ice Beast      Ice/Summ       #####...     2%          4    None
f - Summon Lightning Spi  Summ/Air       #####...     2%          4    None


Dungeon Overview and Level Annotations

Branches:
Dungeon (1/1)

Altars:
Cheibriados
Dithmenos
Elyvilon
Fedhas
Gozag
Kikubaaqudgha
Makhleb
Nemelex Xobeh
Okawaru
Qazlal
Ru
Sif Muna
Trog
Vehumet
Xom
Yredelemnul
Zin
The Shining One
Jiyva

Shops:
D *

Annotations:
D exclusion: oklob plant


Message History

You see here 4 arrows.
There is an open door here.
Casting: Summon Ice Beast
Confirm with . or Enter, or press ? or * to list all spells.
Aiming: Summon Lightning Spire
Press: ? - help, Dir - move target cursor An electric hum fills the air.
The kobold demonologist shouts!
The centaur warrior shouts!
The centaur warrior unwields an uncursed rapier of venom.
It stops dripping with poison.
The centaur warrior wields an uncursed shortbow.
The centaur warrior shoots an arrow.
The arrow misses you. The deep troll barely misses you.
The deep troll claws you!!
Ouch! That really hurt!
The deep troll claws you.
You hit the deep troll but do no damage.
The deep troll bites you!
* * * LOW HITPOINT WARNING * * *
The deep troll claws you!
You die...

################### #####
#<.#..((.#.(c(8#__#..'K..#
#..'.(#.('..#..'^.'$$#
#..#####'#####@#__####
#..####..#...#T####(§####
#).#__####..##(#§≈≈§§#..#
#..#_..__##'#..(§)§§§'..#
#[⌠#_.∩...'..._#≈≈§§§#.§#
####_..._##_.#'##'#####+#
#_____###'#.#%?.) #P+
#########.####'### ###
+...+ ...


You could see a centaur warrior, a deep troll and a friendly lightning spire.

Vanquished Creatures (collateral kills)
  A centaur warrior (D)
  A kobold demonologist (D)
  Sonja (D)
  A yak (D)
  A wasp (D)
  An ogre (D)
  Sigmund (D)
  A jelly (D)
  Ijyb (D)
9 creatures vanquished.

Vanquished Creatures (others)
  2 guardian golems (D)
  A slime creature (D)
  10 ice beasts (D)
  A crimson imp (D)
  3 lightning spires (D)
  A giant eyeball (D)
18 creatures vanquished.

Grand Total: 27 creatures vanquished

Notes
Turn   | Place    | Note
--------------------------------------------------------------
     0 | D        | Kidiri, the Deep Elf Summoner, began the quest for the Orb.
     0 | D        | Reached XP level 1. HP: 10/10 MP: 5/5
     2 | D        | Noticed Ijyb
    24 | D        | Killed Ijyb
    24 | D        | Reached skill level 5 in Summonings
    24 | D        | Reached XP level 2. HP: 15/15 MP: 2/10
    89 | D        | Learned a level 2 spell: Call Imp
    94 | D        | Noticed an ogre
   111 | D        | Killed an ogre
   111 | D        | Reached skill level 7 in Spellcasting
   111 | D        | Reached XP level 3. HP: 19/19 MP: 2/17
   116 | D        | Learned a level 3 spell: Call Canine Familiar
   222 | D        | Noticed Sigmund
   229 | D        | Killed Sigmund
   229 | D        | Reached skill level 8 in Spellcasting
   229 | D        | Reached XP level 4. HP: 24/24 MP: 10/21
   235 | D        | Learned a level 4 spell: Summon Guardian Golem
   240 | D        | Learned a level 4 spell: Summon Ice Beast
   245 | D        | Learned a level 4 spell: Summon Lightning Spire
   309 | D        | Found a deep blue altar of Sif Muna.
   310 | D        | Noticed a jelly
   311 | D        | Found a radiant altar of Vehumet.
   316 | D        | Killed a jelly
   316 | D        | Reached skill level 9 in Spellcasting
   322 | D        | Became a worshipper of Sif Muna the Loreminder
   451 | D        | Found Myzeuje's General Store.
   451 | D        | Found a white marble altar of Elyvilon.
   451 | D        | Found a burning altar of Makhleb.
   451 | D        | Found a sacrificial altar of Ru.
   451 | D        | Found a glowing golden altar of the Shining One.
   451 | D        | Found an opulent altar of Gozag.
   451 | D        | Found a glowing silver altar of Zin.
   451 | D        | Noticed a yak
   453 | D        | Found a stormy altar of Qazlal.
   453 | D        | Found a basalt altar of Yredelemnul.
   453 | D        | Found a shimmering altar of Xom.
   454 | D        | Killed a yak
   454 | D        | Acquired Sif Muna's first power
   454 | D        | Reached skill level 10 in Spellcasting
   454 | D        | Reached XP level 5. HP: 28/28 MP: 19/25
   458 | D        | Found an iron altar of Okawaru.
   458 | D        | Found a sparkling altar of Nemelex Xobeh.
   458 | D        | Found an ancient bone altar of Kikubaaqudgha.
   459 | D        | Found a bloodstained altar of Trog.
   491 | D        | Noticed Sonja
   493 | D        | Killed Sonja
   493 | D        | Acquired Sif Muna's second power
   493 | D        | Reached skill level 11 in Spellcasting
   493 | D        | Reached skill level 10 in Summonings
   493 | D        | Reached XP level 6. HP: 9/32 MP: 10/27
   781 | D        | Noticed a centaur warrior
   791 | D        | Noticed a centaur warrior
  1034 | D        | Found a snail-covered altar of Cheibriados.
  1034 | D        | Found a shadowy altar of Dithmenos.
  1034 | D        | Noticed a slime creature
  1075 | D        | Killed a centaur warrior
  1075 | D        | Acquired Sif Muna's third power
  1075 | D        | Reached skill level 14 in Spellcasting
  1075 | D        | Reached XP level 7. HP: 21/36 MP: 21/31
  1077 | D        | Killed a slime creature
  1212 | D        | Found a viscous altar of Jiyva.
  1212 | D        | Found a blossoming altar of Fedhas.
  1214 | D        | Noticed a kobold demonologist
  1234 | D        | Noticed a deep troll
  1237 | D        | Noticed a wasp
  1238 | D        | Killed a kobold demonologist
  1254 | D        | Killed a wasp
  1254 | D        | Reached skill level 15 in Spellcasting
  1275 | D        | Paralysed by a giant eyeball for 4 turns
  1279 | D        | Noticed a kobold demonologist
  1298 | D        | Noticed an oklob plant
  1415 | D        | Mangled by a deep troll

Action                   |  1- 3 |  4- 6 |  7- 9 || total
-------------------------+-------+-------+-------++-------
Melee: Unarmed           |       |       |     1 ||     1
 Cast: Summon Small Mamm |     4 |       |       ||     4
       Call Imp          |     8 |       |       ||     8
       Call Canine Famil |     1 |       |       ||     1
       Summon Lightning  |       |     8 |     2 ||    10
       Summon Ice Beast  |       |    15 |     3 ||    18
       Summon Guardian G |       |     2 |     1 ||     3
  Use: Potion            |       |     3 |       ||     3
       Scroll            |       |     1 |       ||     1
  Eat: Meat ration       |       |       |     1 ||     1
